Map: Odyssey LE

Players

LiquidSnute (Snute) - Winner!

  • Race: Zerg Zerg
  • League: Master
  • Spawn Location: 5:00

Harstem

  • Race: Protoss Protoss
  • League: Master
  • Spawn Location: 11:00

Event: HomeStory Cup XV

VOD

Have the link to the VOD?

Description

Time

  • Played on: July 22, 2017, 8:08 a.m.
  • Length: 11:13

All games in this series

Show
View Real Time Build Order
Export as new Build Order

LiquidSnute Zerg - Winner!

Build Orders: Hatch First 

Get SALT Encoding   

  12  0:00  Drone  
  13  0:12  Overlord  
  13  0:16  Drone  
  14  0:30  Drone x2  
  16  0:48  Hatchery  
  15  0:51  Drone  
  15  0:54  Drone  
  17  0:57  Drone  
  17  1:00  Extractor  
  17  1:13  Spawning Pool  
  17  1:17  Drone  
  17  1:19  Drone  
  18  1:27  Drone  
  19  1:38  Overlord  
  19  1:49  Drone  
  20  2:00  Metabolic Boost  
  20  2:01  Queen  
  20  2:02  Queen  
  20  2:04  Zergling x2  
  20  2:07  Drone  
  26  2:10  Drone  
  26  2:13  Drone  
  28  2:21  Drone x2  
  30  2:32  Drone x2  
  30  2:36  Queen  
  34  2:46  Hatchery  
  34  2:49  Overlord  
  33  2:53  Drone  
  33  2:54  Drone  
  33  2:56  Drone  
  36  3:08  Drone x3  
  36  3:09  Drone x2  
  41  3:16  Overlord  
  41  3:17  Drone x3  
  44  3:22  Overlord  
  44  3:35  Drone x2  
  44  3:36  Queen x2  
  44  3:39  Drone  
  51  3:41  Drone x3  
  51  3:42  Drone  
  51  3:43  Drone  
  51  3:45  Drone  
  51  3:47  Drone  
  58  3:50  Overlord  
  58  3:52  Drone  
  59  3:59  Drone  
  59  4:01  Lair  
  60  4:04  Drone x2  
  60  4:09  Drone  
  63  4:12  Queen  
  63  4:14  Queen  
  67  4:17  Drone  
  67  4:18  Drone x3, Overlord  
  67  4:19  Zergling x2  
  67  4:23  Zergling x4  
  74  4:24  Overlord  
  74  4:31  Spore Crawler  
  74  4:32  Spore Crawler  
  74  4:34  Spore Crawler  
  74  4:35  Zergling x6  
  74  4:39  Zergling x2  
  74  4:40  Zergling x8  
  78  4:46  Zergling x2  
  78  4:47  Extractor, Zergling x6  
  81  4:54  Zergling x10  
  81  4:59  Extractor  
  85  5:01  Extractor x2  
  85  5:02  Drone x2  
  85  5:03  Drone, Hydralisk Den  
  85  5:12  Drone  
  85  5:15  Drone x2  
  85  5:18  Drone x2  
  85  5:19  Overlord  
  89  5:21  Overlord  
  89  5:28  Overlord  
  89  5:31  Drone  
  89  5:32  Drone x2  
  89  5:33  Muscular Augments, Overlord x2  
  88  5:36  Overlord  
  88  5:40  Hydralisk  
  88  5:41  Hydralisk x2  
  94  5:45  Hydralisk  
  94  5:49  Hatchery  
  95  5:54  Hydralisk x3  
  95  5:56  Overlord  
  100  6:03  Hydralisk x2  
  104  6:05  Hydralisk  
  104  6:09  Hydralisk  
  108  6:13  Hydralisk  
  108  6:15  Zergling x16  
  118  6:25  Hatchery, Hydralisk x2  
  122  6:31  Hydralisk x2  
  125  6:35  Overseer  
  125  6:37  Hydralisk  
  125  6:38  Hydralisk  
  129  6:40  Overlord x2  
  129  6:49  Zergling x14  
  129  6:50  Zergling x2  
  137  7:06  Zergling x10  
  142  7:11  Hydralisk  
  142  7:12  Hydralisk x4  
  150  7:24  Hydralisk  
  150  7:25  Hydralisk x4  
  158  7:30  Hydralisk  
  158  7:35  Hydralisk x3  
  159  7:43  Hydralisk x3  
  150  7:53  Hydralisk x3  
  132  7:59  Hydralisk x2  
  122  8:06  Zergling x2  
  122  8:07  Zergling x26  
  122  8:10  Hydralisk x2  
  140  8:17  Hydralisk x3  
  146  8:20  Zergling x4  
  146  8:21  Zergling x2  
  146  8:25  Zergling x8  
  153  8:33  Hydralisk x3  
  158  8:34  Overlord  
  158  8:44  Overlord  
  153  9:00  Hydralisk x4  
  153  9:01  Hydralisk x4  
  136  9:04  Zergling x18  
  136  9:05  Zergling x2  
  135  9:14  Zergling x2  
  135  9:15  Zergling x16  
  138  9:20  Zergling x4  
  138  9:21  Zergling x6  
  133  9:29  Hydralisk  
  133  9:30  Hydralisk x3  
  125  9:37  Hydralisk x4  
  131  9:43  Hydralisk  
  131  9:44  Hydralisk x2  
  134  9:52  Hydralisk x2  
  121  9:53  Hydralisk  
  115  10:01  Hydralisk  
  115  10:02  Hydralisk x2  
  121  10:08  Hydralisk x2  
  121  10:12  Zergling x2  
  121  10:13  Zergling x18  
  135  10:18  Hydralisk x2  
  139  10:23  Zergling x10  
  139  10:25  Zergling x2  
  139  10:26  Zergling x4  
  147  10:29  Overseer  
  147  10:36  Hydralisk x3  
  147  10:39  Zergling x6  
  147  10:42  Hydralisk  
  154  10:55  Zergling x26  
Show
View Real Time Build Order
Export as new Build Order

Harstem Protoss 

Build Orders: 1 Gate Expand, Zealot Archon, Dark Templar Rush 

Get SALT Encoding   

  12  0:00  Probe (Chrono Boost)  
  13  0:11  Probe (Chrono Boost)  
  14  0:18  Pylon  
  14  0:23  Probe (Chrono Boost)  
  15  0:36  Probe (Chrono Boost)  
  15  0:40  Gateway  
  16  0:47  Probe (Chrono Boost), Assimilator  
  17  0:57  Probe (Chrono Boost)  
  18  1:08  Probe (Chrono Boost)  
  20  1:18  Probe (Chrono Boost)  
  20  1:25  Nexus  
  20  1:34  Cybernetics Core  
  20  1:36  Probe (Chrono Boost)  
  21  1:42  Assimilator  
  21  1:47  Probe (Chrono Boost)  
  22  1:51  Pylon  
  22  1:57  Probe (Chrono Boost)  
  23  2:09  Probe (Chrono Boost), Stalker (Chrono Boost)  
  23  2:10  Warp Gate  
  26  2:21  Probe  
  27  2:26  Twilight Council  
  27  2:33  Probe  
  27  2:36  Probe, Adept (Chrono Boost)  
  31  2:45  Probe  
  31  2:46  Probe  
  33  2:53  Robotics Facility  
  33  2:57  Probe (Chrono Boost)  
  33  2:58  Probe (Chrono Boost)  
  34  3:08  Probe (Chrono Boost)  
  34  3:11  Probe (Chrono Boost)  
  36  3:15  Dark Shrine  
  36  3:19  Probe (Chrono Boost)  
  37  3:21  Gateway  
  37  3:22  Probe (Chrono Boost)  
  38  3:29  Probe (Chrono Boost)  
  41  3:34  Mothership Core (Chrono Boost)  
  41  3:38  Pylon  
  41  3:42  Gateway  
  41  3:46  Gateway  
  42  3:51  Warp Prism (Chrono Boost)  
  42  3:53  Probe  
  42  3:54  Probe  
  45  4:03  Probe  
  45  4:05  Assimilator  
  45  4:06  Probe  
  45  4:07  Assimilator  
  47  4:10  Pylon  
  47  4:14  Probe  
  48  4:18  Probe (Chrono Boost)  
  49  4:26  Probe (Chrono Boost)  
  49  4:30  Probe (Chrono Boost)  
  51  4:37  Probe (Chrono Boost), Pylon  
  52  4:41  Probe (Chrono Boost)  
  53  4:48  Nexus  
  53  4:50  Dark Templar  
  53  4:51  Dark Templar  
  57  4:53  Dark Templar  
  57  4:54  Dark Templar  
  57  4:57  Archon  
  57  4:59  Archon  
  62  5:00  Probe (Chrono Boost)  
  62  5:01  Probe (Chrono Boost)  
  62  5:02  Pylon  
  63  5:07  Pylon  
  63  5:10  Probe (Chrono Boost)  
  64  5:15  Forge  
  64  5:17  Charge (Chrono Boost)  
  64  5:27  Zealot x2, Sentry  
  64  5:28  Zealot  
  72  5:31  Probe x2  
  74  5:38  Immortal (Chrono Boost)  
  78  5:43  Probe x2  
  78  5:48  Protoss Ground Weapons Level 1 (Chrono Boost)  
  79  5:50  Zealot  
  79  5:54  Probe  
  79  5:55  Probe  
  82  5:58  Pylon  
  82  6:03  Gateway  
  82  6:05  Sentry, Gateway  
  84  6:14  Probe  
  84  6:15  Immortal (Chrono Boost)  
  89  6:20  Probe, Templar Archives  
  89  6:21  Zealot  
  89  6:23  Probe  
  93  6:29  Probe  
  93  6:31  Probe  
  94  6:35  Probe  
  94  6:38  Pylon  
  96  6:41  Probe  
  96  6:42  Gateway  
  96  6:44  Zealot x3  
  108  6:54  Immortal (Chrono Boost)  
  106  7:01  High Templar  
  106  7:05  Photon Cannon  
  106  7:07  High Templar  
  106  7:08  Photon Cannon  
  109  7:11  Pylon  
  109  7:16  Zealot x4  
  109  7:19  Photon Cannon  
  117  7:27  Probe, Archon  
  117  7:28  Pylon  
  117  7:29  Probe  
  119  7:32  Pylon  
  119  7:35  Pylon  
  119  7:36  Zealot x3  
  119  7:38  High Templar x2  
  119  7:42  Archon  
  119  7:43  Zealot x2, Probe  
  117  7:44  Probe x2  
  117  7:47  Assimilator  
  120  7:52  Psionic Storm  
  120  7:53  Probe  
  101  7:58  Zealot x3  
  101  7:59  Probe  
  101  8:04  Probe  
  101  8:05  Protoss Ground Weapons Level 2, High Templar x2  
  107  8:06  Assimilator  
  107  8:07  Immortal  
  107  8:11  Probe x2  
  113  8:20  Gateway  
  113  8:22  Pylon  
  113  8:27  Zealot x2  
  113  8:30  Zealot  
  117  8:36  Zealot x2  
  121  8:41  High Templar  
  121  8:42  High Templar  
  121  8:47  Archon  
  123  8:50  Zealot x2  
  123  8:52  Zealot  
  129  8:58  Zealot x2  
  110  9:02  Probe  
  110  9:07  Pylon  
  98  9:11  Zealot x2  
  98  9:14  Zealot x2  
  98  9:18  Archon  
  98  9:20  Zealot x3, Immortal  
  94  9:26  Probe  
  94  9:30  Probe x2  
  93  9:32  Pylon  
  93  9:34  Zealot x2  
  93  9:37  High Templar x2  
  99  9:41  Archon  
  99  9:42  Zealot x2  
  101  9:47  Zealot  
  97  9:56  Zealot x2  
  89  10:04  High Templar  
  89  10:05  High Templar  
  89  10:08  Immortal  
  89  10:09  Zealot x3, Archon  
  99  10:15  Pylon  
  99  10:19  High Templar  
  99  10:20  High Templar  
  103  10:31  Zealot, High Templar x2  
  103  10:33  Gateway  
  103  10:35  Pylon, Archon  
  109  10:36  Zealot  
  109  10:37  Zealot  
  109  10:38  Probe  
  115  10:51  Zealot  
  115  10:53  Zealot x3  
  99  10:58  Zealot  
Tags
 
Add a new tag
Caveats
  • Supply blocks, unpowered buildings, or Contaminate may cause inaccurate times.
  • Supply counts are checked every 10 seconds.